 Dungeon Crawl Stone Soup version 0.24-a0-309-g1095bcad4c (webtiles) character file.

Game seed: 1488096258397701062

5434 HAL9000 the Covert (level 10, -4/46 HPs)
             Began as a Vine Stalker Assassin on May 14, 2019.
             Was a Priest of Dithmenos.
             Slain by a two-headed ogre
             ... wielding a +0 giant spiked club
              (19 damage)
             ... on level 9 of the Dungeon.
             The game lasted 00:26:43 (9634 turns).

HAL9000 the Covert (Vine Stalker Assassin)          Turns: 9634, Time: 00:26:43

Health: -4/46      AC:  5    Str: 13    XL:     10   Next: 68%
Magic:  0/11       EV: 12    Int: 13    God:    Dithmenos [***...]
Gold:   619        SH:  0    Dex: 29    Spells: 9/9 levels left

rFire    + + .     SeeInvis .   D - +4 dagger of Oenomania {pierce, rF+ Dex+6 Stlth-}
rCold    + + .     Gourm    .   (no shield)
rNeg     . . .     Faith    .   b - +0 robe
rPois    .         Spirit   +   g - +2 hat
rElec    .         Reflect  .   p - scarf {rC+ rF+}
rCorr    .         Harm     .   E - +0 pair of gloves
MR       +....                  (no boots)
Stlth    +++++++...             u - amulet of magic regeneration
HPRegen  0.55/turn              l - +5 ring of dexterity
MPRegen  0.37/turn              q - ring of protection from cold

@: wreathed by umbra
A: fangs 3, regeneration 1, magic shield, antimagic bite, no potion heal 3, rot
immunity
a: Shadow Step, Renounce Religion


You were on level 9 of the Dungeon.
You worshipped Dithmenos.
Dithmenos was most pleased with you.
You were very hungry.

You visited 2 branches of the dungeon, and saw 10 of its levels.

You collected 619 gold pieces.

Inventory:

Hand Weapons
 r - a +2 dagger of freezing
 D - the +4 dagger of Oenomania (weapon) {pierce, rF+ Dex+6 Stlth-}
   (You found it on level 5 of the Dungeon)

   It inflicts extra damage upon your enemies.
   It affects your dexterity (+6).
   It protects you from fire.
   It makes you less stealthy.
Missiles
 d - 34 poisoned darts
 H - a throwing net (quivered)
 I - 3 boomerangs
Armour
 b - a +0 robe (worn)
 g - a +2 hat (worn)
 p - a scarf of resistance (worn)
 B - a +0 shield
 E - a +0 pair of gloves (worn)
Magical Staves
 J - an uncursed staff of power {unknown}
Jewellery
 l - a +5 ring of dexterity (left hand)
 q - a ring of protection from cold (right hand)
 u - an amulet of magic regeneration (around neck)
 G - a cursed ring of teleportation {unknown}
Wands
 e - a wand of iceblast (12)
 F - a wand of acid (13)
Scrolls
 a - 5 scrolls of remove curse {unknown}
 h - 2 scrolls of enchant armour {unknown}
 j - 2 scrolls of fear
 k - a scroll of noise {unknown}
 m - 4 scrolls of identify
 n - a scroll of immolation {unknown}
 s - 2 scrolls of blinking {unknown}
 v - a scroll of amnesia {unknown}
 w - 4 scrolls of teleportation {unknown}
 x - 2 scrolls of fog {unknown}
 y - 4 scrolls of enchant weapon {unknown}
 A - 2 scrolls of magic mapping {unknown}
 C - 2 scrolls of random uselessness {unknown}
Potions
 c - a potion of invisibility
 i - 5 potions of haste
 o - 3 potions of curing
 t - 2 potions of agility
 z - a potion of magic {unknown}
 K - a potion of brilliance {unknown}
Comestibles
 f - 15 rations


   Skills:
 - Level 1.7 Fighting
 - Level 10.0 Short Blades
 + Level 5.0 Throwing
 - Level 0.7 Dodging
 - Level 13.4 Stealth


You had 9 spell levels left.
You didn't know any spells.
Your spell library contained the following spells:

 Spells                   Type           Power        Failure   Level  Hunger
 Beastly Appendage        Tmut           #.....       30%         1    ##.....
 Sticks to Snakes         Tmut           #.......     43%         2    ###....
 Spider Form              Tmut/Pois      #.........   67%         3    ####...
 Ice Form                 Ice/Tmut       #.......     97%         4    #####..
 Blade Hands              Tmut           #.........   100%        5    ######.


Dungeon Overview and Level Annotations

Branches:
Dungeon (9/15)             Temple (1/1) D:5             Orc (0/2) D:9
   Lair: D:8-11

Altars:
Ashenzari
Cheibriados
Dithmenos
Elyvilon
Fedhas
Gozag
Hepliaklqana
Kikubaaqudgha
Makhleb
Nemelex Xobeh
Okawaru
Qazlal
Ru
Sif Muna
Trog
Uskayaw
Vehumet
Wu Jian
Xom
Yredelemnul
Zin
The Shining One


Innate Abilities, Weirdness & Mutations

You have razor-sharp teeth.
Your natural rate of healing is unusually fast.
When hurt, damage is shared between your health and your magic reserves.
Your bite disrupts and absorbs the magic of your enemies.
Potions cannot restore your health.
You are immune to rotting.


Message History

You see here a ration.
The crimson imp shouts!
The two-headed ogre shouts in stereo!
You hit the crimson imp. You bite the crimson imp.
The crimson imp's magic leaks into the air.
You drain its magic.
The crimson imp is heavily wounded.
A troll zombie comes into view.
You hit the crimson imp. You bite the crimson imp.
You kill the crimson imp!
Dithmenos accepts your kill.
Your Throwing skill increases to level 5!
The two-headed ogre hits you with a +0 giant spiked club!
The two-headed ogre hits you with a +0 giant club!!
You see here a scroll labeled BERUBR TAIBU.
The phantom blinks!
You see here a ration.
The two-headed ogre hits you with a +0 giant spiked club!
The two-headed ogre hits you with a +0 giant club!!
You die...

.# #..# #...######
.#############..########.........
.................................
#########..########...#####.....#
#########..########...#......8...
......................#..........
......................#..........
.................................
......##########@.###..8.....>...
......##########.O####...........
............>.........#...(......
.##############......)#..........
.# #.......#......8...
.##############.......#####.....#
..................)....Z.........
........<.O..###########.........
.............# #.........


You could see a two-headed ogre and an ogre zombie (wandering).

Vanquished Creatures
  A two-headed ogre (D:9)
  2 hippogriffs
  Sigmund (D:6)
  A wraith (D:9)
  A wyvern (D:9)
  2 hungry ghosts
  2 black bears
  2 sky beasts
  An ice beast (D:5)
  2 orc warriors
  A phantom (D:5)
  6 ogres
  A centaur (D:6)
  A big kobold (D:9)
  A bullfrog (D:6)
  A water moccasin zombie (D:9)
  4 scorpions
  A water moccasin skeleton (D:7)
  9 wights
  3 bullfrog zombies
  2 howler monkeys
  6 crimson imps
  2 bullfrog skeletons
  A hound (D:8)
  5 orc priests
  A jelly (D:9)
  8 orc wizards
  A centaur skeleton (D:4)
  3 iguanas
  7 worker ants
  A killer bee zombie (D:6)
  6 ogre zombies (D:9)
  A hound skeleton (D:7)
  3 gnolls
  11 adders
  2 adder skeletons
  3 worms
  2 dart slugs
  9 leopard geckos
  29 orcs
  6 giant cockroaches
  6 goblins
  10 hobgoblins
  7 jackals
  2 quokkas
  5 ball pythons
  A ball python skeleton (D:4)
  10 bats
  7 frilled lizards
  3 goblin skeletons (D:9)
  5 goblin zombies (D:9)
  2 hobgoblin skeletons (D:9)
  A hobgoblin zombie (D:9)
  2 jackal skeletons
  8 kobolds
  2 leopard gecko skeletons (D:5)
  2 orc skeletons (D:9)
  9 orc zombies (D:9)
  A quokka zombie (D:8)
  8 rats
243 creatures vanquished.

Notes
Turn   | Place    | Note
-------+----------+-------------------------------------------
     0 | D:1      | HAL9000 the Vine Stalker Assassin began the quest for the
                  | Orb.
     0 | D:1      | Reached XP level 1. HP: 11/11 MP: 2/2
    15 | D:1      | Reached skill level 5 in Stealth
    47 | D:1      | Reached XP level 2. HP: 10/15 MP: 1/3
   907 | D:1      | Reached skill level 6 in Stealth
   907 | D:1      | Reached XP level 3. HP: 16/18 MP: 4/4
  1773 | D:2      | Gained mutation: Your natural rate of healing is unusually
                  | fast. [Vine Stalker growth]
  1773 | D:2      | Reached XP level 4. HP: 23/23 MP: 5/5
  1865 | D:2      | Found a sparkling altar of Nemelex Xobeh.
  2184 | D:3      | Reached skill level 7 in Stealth
  2269 | D:3      | Reached XP level 5. HP: 25/26 MP: 6/6
  3210 | D:4      | Reached skill level 8 in Stealth
  3313 | D:4      | Reached XP level 6. HP: 30/30 MP: 7/7
  3506 | D:4      | Found a stormy altar of Qazlal.
  3543 | D:4      | Reached skill level 9 in Stealth
  3843 | D:4      | Reached XP level 7. HP: 21/34 MP: 8/8
  3985 | D:4      | Reached skill level 10 in Stealth
  4046 | D:4      | Found a shimmering altar of Xom.
  4047 | D:4      | Found a hazy altar of Hepliaklqana.
  4047 | D:4      | Noticed a thorn hunter
  4048 | D:4      | Noticed a thorn hunter
  4048 | D:4      | Noticed a spectral ugly thing
  4216 | D:5      | Entered Level 5 of the Dungeon
  4347 | D:5      | Found a white marble altar of Elyvilon.
  4356 | D:5      | Found a staircase to the Ecumenical Temple.
  4362 | D:5      | Got an encrusted dagger
  4400 | D:5      | Identified the +4 dagger of Oenomania {pierce, rF+ Dex+6
                  | Stlth-} (You found it on level 5 of the Dungeon)
  4426 | Temple   | Entered the Ecumenical Temple
  4499 | Temple   | Became a worshipper of Dithmenos the Shadowed
  4523 | D:5      | Gained mutation: You have razor-sharp teeth. [Vine Stalker
                  | growth]
  4523 | D:5      | Reached XP level 8. HP: 38/38 MP: 9/9
  4545 | D:5      | Reached skill level 11 in Stealth
  4796 | D:6      | Noticed Sigmund
  4878 | D:6      | Reached skill level 5 in Short Blades
  5621 | D:6      | Reached skill level 12 in Stealth
  5831 | D:6      | Killed Sigmund
  5943 | D:6      | Found an iron altar of Okawaru.
  5955 | D:6      | Reached XP level 9. HP: 42/42 MP: 10/10
  6299 | D:6      | Found a transporter.
  6363 | D:6      | Found a radiant altar of Vehumet.
  6376 | D:6      | Found a transporter.
  6408 | D:6      | Reached skill level 13 in Stealth
  6848 | D:7      | Reached * piety under Dithmenos
  8208 | D:8      | Reached XP level 10. HP: 46/46 MP: 11/11
  8660 | D:8      | Found a basalt altar of Yredelemnul.
  8663 | D:8      | Found a hide-covered altar of Uskayaw.
  8666 | D:8      | Found a snail-covered altar of Cheibriados.
  8804 | D:9      | Found a staircase to the Orcish Mines.
  8913 | D:9      | Noticed a two-headed ogre
  9017 | D:9      | Reached ** piety under Dithmenos
  9144 | D:9      | Noticed a two-headed ogre
  9215 | D:9      | Reached skill level 10 in Short Blades
  9495 | D:9      | Killed a two-headed ogre
  9568 | D:9      | Reached *** piety under Dithmenos
  9614 | D:9      | Reached skill level 5 in Throwing
  9634 | D:9      | Slain by a two-headed ogre

Levels and vault maps discovered:
D:1:      minmay_arrival_glassed_features, layout_basic
D:2:      layout_loops_corners, nemelex_xobeh_ov_fountains_minmay, first_ration
D:3:      layout_loops_corners
D:4:      layout_basic, regret_index_temple_of_mockery,
          nicolae_qazlal_general_emergency
D:5:      minmay_spotlight, layout_rooms, overflow_temple_1_default,
          minmay_temple_entry_glass, minmay_misc_feat_rows
D:6:      layout_cave_pools, gammafunk_temple_overflow_arena,
          hangedman_decor_push, okawaru_ov_weapons_minmay, uniq_sigmund
D:7:      layout_loops_corners
D:8:      layout_rooms, grunt_temple_overflow_diamond, serial_aquarium,
          aquarium_bridge_island_small [aquarium_subvault_small_water,
          aquarium_subvault_bridge, aquarium_subvault_bridge,
          aquarium_subvault_wall, aquarium_subvault_wall],
          aquarium_bridge_square [aquarium_subvault_balcony,
          aquarium_subvault_bridge, aquarium_subvault_window,
          aquarium_subvault_window], aquarium_window_2,
          aquarium_window_corridor_1, aquarium_view_2a, aquarium_view_2c,
          aquarium_balcony_3b, aquarium_pool_double
D:9:      layout_long_grid, erik_lair_dragon, zombieorc2_lemuel
Temple:   cyrus_circular_temple

Skill      XL: |  1  2  3  4  5  6  7  8  9 10 |
---------------+-------------------------------+-----
Stealth        | 5 6 7 8 9 10 12 13 | 13.4
Short Blades   | 2 3 4 6 8 10 | 10.0
Throwing       | 5 |  5.0
Fighting       | |  1.7
Dodging        | |  0.7

Action                   |  1- 3 |  4- 6 |  7- 9 | 10-12 || total
-------------------------+-------+-------+-------+-------++-------
Melee: Dagger            |    88 |    97 |   322 |   189 ||   696
       Bite              |    17 |    29 |   149 |   104 ||   299
Throw: Dart              |       |    14 |    22 |     5 ||    41
       Throwing net      |       |       |       |     1 ||     1
  Use: Scroll            |       |       |     8 |       ||     8
 Stab: Sleeping          |    20 |    22 |    22 |    10 ||    74
       Distracted        |       |     1 |     1 |     3 ||     5
  Eat: Chunk             |     2 |     7 |    14 |     4 ||    27
       Ration            |       |       |     1 |       ||     1
Armor: Robe              |    20 |    10 |    35 |    15 ||    80
Dodge: Dodged            |    31 |    33 |   126 |    72 ||   262

Table legend:
 A = Non-vault XP
 B = Vault XP
 C = Vault XP percentage of total XP
 D = Non-vault monster count
 E = Vault monster count
 F = Vault count percentage of total count
                 A         B        C        D         E       F
            +---------+---------+-------+---------+---------+-------
      Total |    6580 |    1183 |  15.2 |     207 |      36 |  14.8
            +---------+---------+-------+---------+---------+-------
        D:1 |      36 |       0 |   0.0 |      21 |       0 |   0.0
        D:2 |      75 |       0 |   0.0 |      25 |       0 |   0.0
        D:3 |     139 |       0 |   0.0 |      36 |       0 |   0.0
        D:4 |     563 |       0 |   0.0 |      20 |       0 |   0.0
        D:5 |     819 |     137 |  14.3 |      17 |       2 |  10.5
        D:6 |     655 |     474 |  42.0 |      19 |       4 |  17.4
        D:7 |    1233 |       0 |   0.0 |      24 |       0 |   0.0
        D:8 |     968 |       0 |   0.0 |      20 |       0 |   0.0
        D:9 |    2092 |     572 |  21.5 |      25 |      30 |  54.5
            +---------+---------+-------+---------+---------+-------
